 Dungeon Crawl Stone Soup version 0.16.2-12-gd0ad4c3 (webtiles) character file.

85 spacemonkey the Ducker (level 4, -5/22 HPs)
             Began as a Felid Berserker on Oct 1, 2015.
             Was a Believer of Trog.
             Slain by a hound (6 damage)
             ... on level 5 of the Dungeon.
             The game lasted 00:15:17 (2720 turns).

spacemonkey the Ducker (Felid Berserker)            Turns: 2720, Time: 00:15:17

Health: -5/22      AC:  1    Str: 13    XL:     4   Next: 25%
Magic:  7/7        EV: 21    Int:  9    God:    Trog [**....]
Gold:   82         SH:  0    Dex: 17    Spells: 0 memorised, 3 levels left
                                        Lives:  0   Deaths: 1

rFire  . . .     SeeInvis +       - Unarmed
rCold  . . .     Clarity  .     (armour unavailable)
rNeg   . . .     SustAb   .     (shield unavailable)
rPois  .         Gourm    .     (helmet unavailable)
rElec  .         Spirit   .     (cloak unavailable)
rCorr  .         Warding  .     (gloves unavailable)
rMut   .         Stasis   .     (boots unavailable)
MR     .....                    (no amulet)
Stlth  ++........               (no ring)
                                p - +2 ring of dexterity

@: quick, not resistant to hostile enchantments, unstealthy
A: paw claws, no armour, no weapons or thrown items, fangs 3, see invisible,
carnivore 3, speed 1, shaggy fur 1, slow metabolism 1, sharp paws
a: Burn Spellbooks, Berserk, Trog's Hand, Renounce Religion


You were on level 5 of the Dungeon.
You worshipped Trog.
Trog was pleased with you.
You were not hungry.

You visited 1 branch of the dungeon, and saw 5 of its levels.
You also visited: Sewer.

You collected 82 gold pieces.

Inventory:

Missiles
 a - 9 stones
 r - 17 bolts
Armour
 f - a +3 chain mail
Jewellery
 p - a +2 ring of dexterity (left paw)
Magical devices
 g - a wand of digging (19)
 m - a wand of magic darts (25)
Scrolls
 e - 3 scrolls of identify {unknown}
 i - a scroll of immolation {unknown}
 l - a scroll of teleportation {unknown}
 n - a scroll of recharging {unknown}
 o - 3 scrolls of blinking {unknown}
Potions
 d - 2 potions of restore abilities {unknown}
 k - 2 potions of curing {unknown}
 q - a potion of invisibility {unknown}
Comestibles
 b - a bread ration
 c - 2 meat rations
 h - a beef jerky


   Skills:
 + Level 3.7 Fighting
 + Level 5.8 Dodging
 + Level 4.1 Unarmed Combat


You had 3 spell levels left.
You didn't know any spells.

Dungeon Overview and Level Annotations

Branches:
Dungeon (5/15)
 Temple: D:4-7

Altars:
Gozag

Annotations:
D:4 Grinder


Innate Abilities, Weirdness & Mutations

You cannot wear armour.
You are incapable of wielding weapons or throwing items.
You have razor-sharp teeth.
You have supernaturally acute eyesight.
You are carnivorous and can eat meat at any time.
You cover ground quickly.
You are covered in fur (AC +1).
You have a slow metabolism.
Your paws have sharp claws that are effective at stabbing.


Message History

You scratch the hound but do no damage.
The hound is lightly wounded.
The hound bites you.
* * * LOW HITPOINT WARNING * * *
You miss the hound.
The hound is lightly wounded.
The hound closely misses you. The hound barely misses you.
You claw the hound!
The hound is heavily wounded.
The hound closely misses you.
Things that are here:
a flail; 3 chunks of flesh You closely miss the hound.
Your bite misses the hound.
The hound is heavily wounded.
The hound bites you.
* * * LOW HITPOINT WARNING * * *
You scratch the hound but do no damage. You bite the hound.
The hound is severely wounded.
The hound misses you. The hound bites you.
You die...

### #.. ##.####
#.....# ...###..##.#
#........##.##.###.#
#h@.<.......#
#############


You could see a hound (bleeding).

Vanquished Creatures
  A worker ant (D:4)
  A hound skeleton (D:4)
  2 adders (Sewer)
  4 giant mites
  An adder skeleton (D:4)
  6 orcs
  4 bats
  9 giant cockroaches
  2 hobgoblins (D:4)
  2 jackals (D:4)
  3 ball pythons (Sewer)
  5 giant geckos
  2 giant newts
  5 goblins
  3 kobolds
  A quokka skeleton (D:4)
  A quokka zombie (D:3)
  4 rats
56 creatures vanquished.

Notes
Turn   | Place    | Note
--------------------------------------------------------------
     0 | D:1      | spacemonkey, the Felid Berserker, began the quest for the Orb.
     0 | D:1      | Reached XP level 1. HP: 10/10 MP: 2/2
     3 | D:1      | Noticed an electric eel
    12 | D:1      | Noticed an electric eel
   202 | D:2      | Found an opulent altar of Gozag.
   212 | D:2      | Reached XP level 2. HP: 14/14 MP: 3/3
   812 | D:4      | Reached XP level 3. HP: 17/17 MP: 5/5
  1212 | D:4      | Reached XP level 4. HP: 12/21 MP: 7/7
  1464 | D:4      | Found a glowing drain.
  1501 | D:4      | Acquired Trog's second power
  1517 | Sewer    | Entered a sewer
  1539 | Sewer    | Reached skill level 5 in Dodging
  1758 | Sewer    | Slain by an adder
  1759 | Sewer    | Reached XP level 3. HP: -2/17 MP: 5/5
  1882 | Sewer    | Reached XP level 4. HP: 13/22 MP: 7/7
  2316 | D:4      | Noticed Grinder
  2324 | D:4      | Paralysed by Grinder for 3 turns
  2338 | D:4      | Paralysed by Grinder for 6 turns
  2706 | D:5      | Entered Level 5 of the Dungeon
  2719 | D:5      | HP: 1/22 [hound (1)]
  2720 | D:5      | Slain by a hound

Action                   |  1- 3 |  4- 6 || total
-------------------------+-------+-------++-------
Melee: Unarmed           |   104 |    84 ||   188
 Stab: Sleeping          |       |     1 ||     1
  Eat: Chunk             |       |     6 ||     6
